 Dungeon Crawl Stone Soup version 0.19-a0-19-gf75ed07 (webtiles) character file.

1435 Karasique the Zephyrmancer (level 8, -1/46 HPs)
             Began as a High Elf Air Elementalist on Apr 30, 2016.
             Killed from afar by an orc wizard (8 damage)
             ... with a puff of frost
             ... on level 7 of the Dungeon.
             The game lasted 00:22:02 (5397 turns).

Karasique the Zephyrmancer (HEAE)                   Turns: 5397, Time: 00:22:02

Health: -1/46      AC:  5    Str:  7    XL:     8   Next: 45%
Magic:  3/17       EV: 13    Int: 21    God:
Gold:   282        SH:  0    Dex: 16    Spells: 5 memorised, 5 levels left

rFire  + . .     SeeInvis .     s - +0 blowgun
rCold  . . .     Gourm    .     a - +0 robe
rNeg   . . .     Faith    .     (no shield)
rPois  .         Spirit   .     n - +0 helmet
rElec  .         Dismiss  +     (no cloak)
rCorr  .         Reflect  .     G - +1 pair of gloves
SustAt .         Harm     .     (no boots)
MR     .....                    q - amulet of dismissal
Stlth  ++........               (no ring)
                                t - ring of protection from fire

@: not resistant to hostile enchantments, unstealthy
A: no striking features
a: no special abilities


You were on level 7 of the Dungeon.
You were not hungry.

You visited 1 branch of the dungeon, and saw 9 of its levels.

You collected 282 gold pieces.

Inventory:

Hand Weapons
 g - a +0 dagger
 s - a +0 blowgun (weapon)
 F - the +2 short sword of Courage {elec, rF- rC+++ Str+2 Int-2}
   (You found it on level 5 of the Dungeon)

   Occasionally, upon striking a foe, it will discharge some electrical energy
   and cause terrible harm.
   It affects your strength (+2).
   It affects your intelligence (-2).
   It makes you vulnerable to fire.
   It renders you almost immune to cold.
Missiles
 m - a throwing net
 r - 24 poisoned needles (quivered)
Armour
 a - a +0 robe (worn)
 n - a +0 helmet (worn)
 A - a cursed -2 leather armour
 G - a +1 pair of gloves (worn)
Jewellery
 q - an amulet of dismissal (around neck)
 t - a ring of protection from fire (left hand)
Wands
 o - a wand of random effects (10/48)
Scrolls
 d - a scroll of magic mapping {unknown}
 f - a scroll of remove curse {unknown}
 l - a scroll of enchant weapon {unknown}
 p - a scroll of enchant armour
 x - a scroll of blinking {unknown}
 y - a scroll of fog {unknown}
 z - 2 scrolls of amnesia
 B - a scroll of noise {unknown}
Potions
 e - 2 potions of resistance
 h - a potion of flight
 i - a potion of agility
 j - 4 potions of lignification {unknown}
 k - 2 potions of heal wounds
 u - a potion of might {unknown}
 v - a potion of brilliance
 w - a potion of magic
 E - a potion of curing
Books
 b - a book of Air

   Spells                             Type                      Level
   a - Shock                          Conjuration/Air              1
   b - Swiftness                      Charms/Air                   2
   c - Repel Missiles                 Charms/Air                   2
   d - Static Discharge               Conjuration/Air              3
   e - Lightning Bolt                 Conjuration/Air              5
Comestibles
 c - 3 bread rations
 C - 2 fruits
 D - 4 chunks of flesh


   Skills:
 - Level 2.1 Dodging
 - Level 2.1 Stealth
 + Level 5.9 Spellcasting
 + Level 7.1 Conjurations
 + Level 8.6 Air Magic


You had 5 spell levels left.
You knew the following spells:

 Your Spells              Type           Power        Failure   Level  Hunger
a - Shock                 Conj/Air       ####         1%          1    None
b - Lightning Bolt        Conj/Air       #####.....   14%         5    #####..
c - Static Discharge      Conj/Air       #####...     1%          3    ##.....
d - Repel Missiles        Chrm/Air       ###...       2%          2    None
e - Swiftness             Chrm/Air       ###.....     2%          2    None


Dungeon Overview and Level Annotations

Branches:
Dungeon (9/15)
 Temple: D:4-7         Lair: D:8-11         Orc: D:9-12

Altars:
Fedhas
Gozag
Ru
The Shining One

Annotations:
D:3 braks's ghost, amateur GrEE
D:5 exclusion: hungry ghost
D:7 exclusions: centaur and orc warrior


Message History

Aiming: Shock
Press: ? - help, Shift-Dir - straight line, p - orc The zap misses the orc wizard.
The zap misses the orc.
The orc wizard hits you but does no damage.
You are electrocuted!
Casting: Shock
Confirm with . or Enter, or press ? or * to list all spells.
Aiming: Shock
Press: ? - help, Shift-Dir - straight line, f - orc wizard
Aim: an orc wizard, wielding a dagger of electrocution and wearing a robe (heavily wounded)
The zap hits the orc wizard.
The orc wizard is severely wounded.
The zap hits the orc.
The orc is lightly wounded.
The orc wizard hits you but does no damage.
The centaur wields a shortbow.
The centaur shoots an arrow.
The arrow hits you.
The centaur shoots an arrow.
The arrow hits you!
The orc wizard points at you and mumbles some strange words.
The puff of frost hits you!
You die...

### # # #.# ###.#.# #.#
.......
#.###############.......
#.........p....@).....c#
##.###############o#####.
#...)....# #o# ########.#
#.# #.# #######)# #.#
#.......# . #.# #.#####.#
.. #.# #[# #.# .. #.###.#
#.# .#


You could see a centaur, an orc wizard and a neutral freed slave (wandering).

Vanquished Creatures
  The ghost of no0bjke the Chopper, a novice MiBe of Trog (D:5)
  Pikel (D:7)
  A slave (D:7)
  2 ogres (D:4)
  A scorpion (D:5)
  2 hounds
  An orc priest (D:7)
  An iguana (D:5)
  2 worker ants
  A hound skeleton (D:5)
  Robin (D:2)
  4 adders
  A shadow imp (D:5)
  An adder skeleton (D:5)
  2 worms (D:2)
  3 dart slugs
  4 orcs
  4 giant cockroaches
  20 goblins
  5 hobgoblins
  11 jackals
  A quokka (D:5)
  2 ball pythons
  8 bats
  6 giant newts
  8 kobolds
  7 rats
101 creatures vanquished.

Vanquished Creatures (others)
  A slave (D:7)
  An orc priest (D:7)
  An iguana (D:7)
  A giant gecko (D:7)
  2 orcs (D:7)
6 creatures vanquished.

Grand Total: 107 creatures vanquished

Notes
Turn   | Place    | Note
--------------------------------------------------------------
     0 | D:1      | Karasique the High Elf Air Elementalist began the quest for the Orb.
     0 | D:1      | Reached XP level 1. HP: 11/11 MP: 4/4
   330 | D:1      | Reached XP level 2. HP: 12/17 MP: 3/6
   339 | D:1      | Learned a level 2 spell: Swiftness
   562 | D:1      | Reached skill level 4 in Air Magic
   745 | D:2      | Noticed Robin
   996 | D:2      | Reached XP level 3. HP: 21/21 MP: 5/8
  1004 | D:2      | Learned a level 3 spell: Static Discharge
  1007 | D:2      | Learned a level 2 spell: Repel Missiles
  1382 | D:2      | Reached XP level 4. HP: 27/27 MP: 4/9
  1477 | D:2      | Killed Robin
  1990 | D:3      | Reached skill level 5 in Air Magic
  2309 | D:3      | Noticed braks's ghost (amateur GrEE)
  2832 | D:4      | Found a glowing golden altar of the Shining One.
  2964 | D:4      | Noticed an ogre
  2972 | D:4      | Killed an ogre
  2972 | D:4      | Reached XP level 5. HP: 31/31 MP: 4/10
  3027 | D:4      | Found a sacrificial altar of Ru.
  3260 | D:4      | Noticed an ogre
  3294 | D:4      | Killed an ogre
  3294 | D:4      | Reached skill level 6 in Air Magic
  3294 | D:4      | Reached XP level 6. HP: 13/36 MP: 5/11
  3519 | D:4      | Found an opulent altar of Gozag.
  3759 | D:5      | Entered Level 5 of the Dungeon
  3898 | D:5      | Noticed a hungry ghost
  4021 | D:5      | Found a blossoming altar of Fedhas.
  4027 | D:5      | Noticed no0bjke's ghost (novice MiBe)
  4250 | D:5      | Reached skill level 5 in Conjurations
  4444 | D:5      | Killed no0bjke's ghost
  4444 | D:5      | Reached skill level 7 in Air Magic
  4444 | D:5      | Reached XP level 7. HP: 25/41 MP: 2/15
  4451 | D:5      | Learned a level 5 spell: Lightning Bolt
  4937 | D:5      | Got a bloodstained short sword
  4938 | D:5      | Identified the +2 short sword of Courage {elec, rF- rC+++ Str+2 Int-2} (You found it on level 5 of the Dungeon)
  5149 | D:6      | You fall through a shaft for 3 floors!
  5167 | D:9      | Noticed a troll
  5247 | D:7      | Noticed Pikel
  5252 | D:7      | Killed Pikel
  5252 | D:7      | Reached skill level 5 in Spellcasting
  5252 | D:7      | Reached skill level 8 in Air Magic
  5252 | D:7      | Reached XP level 8. HP: 46/46 MP: 2/17
  5397 | D:7      | Killed from afar by an orc wizard

Vault maps used:
D:1:      dpeg_arrival_boxes_within_box
D:2:      minivault_14, uniq_robin
D:3:      lemuel_blue_sif_altar
D:4:      tso_metal_star, nicolae_gozag_seed_capital, first_bread,
          nicolae_ru_the_path_less_chosen
D:5:      old_standard_altar
D:6:      nicolae_dithmenos_through_a_glass_darkly, zin_angel,
          makhleb_grotto_becter, nicolae_overflow_hidden_temple,
          minmay_temple_entry_trees, uniq_menkaure
D:7:      old_standard_altar, old_standard_altar, basic_altar, the_bakery,
          uniq_pikel
D:8:      nicolae_qazlal_eye_of_the_storm, kennysheep_little_box,
          kennysheep_windowed_goal
D:9:      lemuel_round_altar

Skill      XL: |  1  2  3  4  5  6  7 |
---------------+----------------------+-----
Spellcasting   | 3 4 5 |  5.9
Air Magic      | 4 5 6 7 8 |  8.6
Conjurations   | 2 4 6 7 |  7.1
Dodging        | |  2.1
Stealth        | |  2.1

Action                   |  1- 3 |  4- 6 |  7- 9 || total
-------------------------+-------+-------+-------++-------
Melee: Dagger            |    13 |    22 |       ||    35
       Short sword       |       |       |     5 ||     5
 Cast: Shock             |    71 |   119 |    29 ||   219
       Static Discharge  |     1 |     5 |       ||     6
       Swiftness         |       |     1 |       ||     1
       Lightning Bolt    |       |       |     4 ||     4
  Use: Scroll            |       |     6 |     4 ||    10
 Stab: Sleeping          |       |     1 |       ||     1
  Eat: Chunk             |     1 |     9 |       ||    10
       Pizza             |       |     1 |     1 ||     2
       Bread ration      |       |       |     1 ||     1
Armor: Robe              |     5 |     8 |     9 ||    22
Dodge: Dodged            |    20 |    39 |    11 ||    70
